Map: Blueshift LE

Players

Lambo

  • Race: Zerg Zerg
  • Spawn Location: 1:00

Serral - Winner!

  • Race: Zerg Zerg
  • Spawn Location: 7:00

Event: WCS Montreal 2018

VOD

Have the link to the VOD?

Description

Time

  • Played on: Sept. 9, 2018, 2:22 p.m.
  • Length: 5:25

All games in this series

Show
View Real Time Build Order
Export as new Build Order

Lambo Zerg 

Build Orders: Hatch First 

Get SALT Encoding   

  12  0:00  Drone  
  13  0:12  Overlord  
  13  0:17  Drone  
  14  0:31  Drone x2  
  16  0:47  Hatchery  
  15  0:51  Drone  
  15  0:54  Drone  
  17  0:57  Drone  
  18  1:08  Extractor  
  17  1:12  Spawning Pool  
  17  1:15  Drone  
  17  1:19  Drone  
  18  1:28  Drone  
  19  1:40  Drone  
  20  1:50  Drone  
  21  1:59  Queen x2  
  21  2:00  Zergling x2  
  21  2:01  Overlord  
  26  2:09  Metabolic Boost  
  26  2:11  Drone x2  
  28  2:22  Zergling x2  
  29  2:25  Drone  
  30  2:33  Drone x2  
  32  2:38  Hatchery  
  31  2:46  Overlord  
  31  2:47  Zergling x2  
  32  2:58  Drone  
  33  2:59  Drone  
  33  3:04  Zergling x4  
  36  3:07  Zergling x8  
  40  3:12  Roach Warren  
  40  3:19  Overlord  
  38  3:47  Overlord  
  37  3:53  Roach x9  
  57  3:55  Roach  
  57  4:06  Baneling Nest  
  55  4:11  Zergling x6  
  55  4:15  Zergling x6  
  60  4:18  Zergling x2  
  60  4:19  Zergling x2  
  60  4:21  Zergling x2  
  56  4:25  Zergling x4  
  58  4:32  Zergling x6  
  58  4:36  Zergling x2  
  61  4:39  Zergling x2  
  61  4:42  Zergling x2  
  63  4:46  Zergling x6  
  63  4:51  Baneling x4  
  65  4:53  Baneling  
  65  5:02  Overlord  
  65  5:03  Zergling x2  
Show
View Real Time Build Order
Export as new Build Order

Serral Zerg - Winner!

Build Orders: Hatch First, Zergling Baneling 

Get SALT Encoding   

  12  0:00  Drone  
  13  0:12  Overlord  
  13  0:16  Drone  
  14  0:30  Drone x2  
  16  0:48  Hatchery  
  15  0:51  Drone  
  15  0:54  Drone  
  17  0:58  Drone  
  18  1:08  Extractor  
  17  1:12  Spawning Pool  
  17  1:16  Drone  
  17  1:19  Drone  
  18  1:27  Drone  
  19  1:38  Drone  
  20  1:49  Overlord  
  20  1:59  Queen x2  
  24  2:03  Drone x2  
  24  2:07  Metabolic Boost  
  26  2:10  Drone  
  26  2:11  Drone  
  28  2:22  Zergling x4  
  30  2:33  Hatchery  
  30  2:37  Drone x2  
  31  2:44  Baneling Nest  
  31  2:45  Drone  
  31  2:47  Drone  
  32  2:55  Drone x2  
  34  3:04  Overlord  
  34  3:06  Zergling x2  
  34  3:07  Overlord  
  34  3:11  Zergling x2  
  36  3:22  Zergling x10  
  41  3:28  Baneling x2, Queen  
  41  3:31  Zergling x4  
  45  3:37  Baneling  
  45  3:38  Baneling, Overlord  
  45  3:43  Drone x3  
  45  3:44  Drone  
  45  3:48  Drone x2  
  51  4:02  Drone x3, Roach Warren  
  52  4:05  Extractor  
  52  4:09  Overlord  
  50  4:11  Drone x2  
  50  4:14  Baneling x2  
  50  4:16  Overlord  
  52  4:18  Overlord  
  48  4:42  Roach x6  
  48  4:43  Zergling x6  
  63  4:45  Zergling x2  
  63  4:46  Zergling x4  
  63  4:52  Roach  
  68  4:54  Baneling  
  68  4:55  Baneling  
  68  4:57  Zergling x8  
Tags
 
Add a new tag
Caveats
  • Supply blocks, unpowered buildings, or Contaminate may cause inaccurate times.
  • Supply counts are checked every 10 seconds.